 Dungeon Crawl Stone Soup version 0.28.0-53-g5a82cb258f (webtiles) character file.

Game seed: 17749409917689125989

95 safid the Chopper (level 4, -2/40 HPs)
             Began as a Hill Orc Fighter on Aug 16, 2022.
             Killed by divine providence
             ... invoked by an orc priest
              (11 damage)
             ... on level 3 of the Dungeon.
             The game lasted 00:02:07 (1631 turns).

safid the Chopper (Hill Orc Fighter)                Turns: 1631, Time: 00:02:07

Health: -2/40      AC:  7    Str: 20    XL:     4   Next: 65%
Magic:  4/4        EV:  9    Int:  8    God:
Gold:   163        SH:  5    Dex: 16    Spells: 3/3 levels left

rFire   . . .      SeeInvis .   a - +0 war axe
rCold   . . .      Faith    .   c - +0 buckler
rNeg    . . .      Spirit   .   b - +0 scale mail
rPois   .          Reflect  .   (no helmet)
rElec   .          Harm     .   (no cloak)
rCorr   .          Rampage  .   (no gloves)
Will    .....                   (no boots)
Stlth   ..........              (no amulet)
HPRegen 0.13/turn               f - +6 ring of dexterity
MPRegen 0.09/turn               (no ring)

@: no status effects
A: no striking features
a: Convert to Beogh


You were on level 3 of the Dungeon.
You visited 1 branch of the dungeon, and saw 3 of its levels.

You collected 163 gold pieces.

Inventory:

Hand Weapons
 a - a +0 war axe (weapon)
Missiles
 l - 4 javelins (quivered)
Armour
 b - a +0 scale mail (worn)
 c - a +0 buckler (worn)
Jewellery
 f - a +6 ring of dexterity (left hand)
Scrolls
 g - 2 scrolls of identify {unknown}
 k - a scroll of noise {unknown}
Potions
 d - a potion of might
 e - a potion of cancellation {unknown}
 h - a potion of lignification {unknown}
 i - a potion of degeneration {unknown}
 j - a potion of invisibility {unknown}


   Skills:
 - Level 4.0 Fighting
 + Level 4.6 Axes
 - Level 4.0 Armour
 - Level 4.0 Shields


You had 3 spell levels left.
You didn't know any spells.
Your spell library contained the following spells:

 Spells                   Type           Power      Damage    Failure   Level
 Freeze                   Ice            0%         1d3       85%         1
 Frozen Ramparts          Ice            0%         1d2       99%         3
 Hailstorm                Conj/Ice       0%         3d3       100%        4


Dungeon Overview and Level Annotations

Branches:
Dungeon (3/15)

Altars:


Message History

An endoplasm comes into view.
The orc hits you with a +0 mace.
Unknown command.
You hit the orc but do no damage.
Unknown command.
You hit the orc.
The orc is moderately wounded.
You hit the orc. The orc hits you with a +0 mace.
The orc priest looks satisfied for a moment.
You block the orc's attack.
Unknown command.
You closely miss the orc.
The orc is heavily wounded.
Unknown command.
The orc hits you with a +0 mace.
* * * LOW HITPOINT WARNING * * *
You slash the orc!
You kill the orc!
Unknown command.
You slash the endoplasm!
You kill the endoplasm!
Unknown command.
You slash the orc!
You kill the orc!
The orc priest miscasts a cantrip.
Unknown command.
You block the orc priest's attack.
Things that are here:
a +0 hand axe; a +0 mace; an orc corpse You hit the orc priest.
The orc priest is moderately wounded.
The orc priest hits you with a +0 club.
* * * LOW HITPOINT WARNING * * *
Unknown command.
The orc priest shouts, "Surrender to Beogh and we'll let you live!"
You hit the orc priest.
The orc priest is heavily wounded.
The orc priest invokes the aid of Beogh against you.
Beogh smites you!
You die...

#)###......
#.)........ ..
###.##.....
#.....###........
#.........##.....
#.....###.####.##
#........J.>...#
#.#.#####o######
#.#.# ###@#
#.#.###...#
###.#.......###
#†......†.....#
#.#..........##
#.#####.....##
#.# ###..## #.#
#.## #.# #######


You could see an orc priest and an endoplasm.

Vanquished Creatures
  2 adders (D:3)
  3 worms
  A dart slug (D:2)
  4 orcs (D:3)
  4 bats
  7 endoplasms
  4 giant cockroaches (D:1)
  5 goblins
  4 hobgoblins
  8 jackals
  6 ball pythons
  3 frilled lizards
  A kobold (D:1)
  5 rats
57 creatures vanquished.

Vanquished Creatures (others)
  4 toadstools (D:1)
4 creatures vanquished.

Grand Total: 61 creatures vanquished

Notes
Turn   | Place    | Note
-------+----------+-------------------------------------------
     0 | D:1      | safid the Hill Orc Fighter began the quest for the Orb.
     0 | D:1      | Reached XP level 1. HP: 19/19 MP: 1/1
   131 | D:1      | Reached XP level 2. HP: 26/27 MP: 2/2
   275 | D:1      | Found a faded altar of an unknown god.
   471 | D:1      | Reached XP level 3. HP: 30/33 MP: 3/3
  1462 | D:2      | Reached XP level 4. HP: 40/40 MP: 4/4
  1631 | D:3      | Killed from afar by an orc priest

Illustrated notes

Levels and vault maps discovered:
D:1:      eino_arrival_tree_alley, layout_basic,
          hellmonk_ecumenical_altar_lost_god, minmay_gold_behind_fungi
D:2:      layout_rooms, nicolae_wormholes
D:3:      layout_loops_ring, tgw_xom

Skill      XL: |  1  2  3  4 |
---------------+-------------+-----
Axes           | 3 4 |  4.6
Fighting       | 4 |  4.0
Armour         | 4 |  4.0
Shields        | 4 |  4.0

Action                   |  1- 3 |  4- 6 || total
-------------------------+-------+-------++-------
Melee: War axe           |   125 |    37 ||   162
Armor: Scale mail        |    66 |     6 ||    72
Dodge: Dodged            |    57 |    11 ||    68
Block: Buckler           |    20 |    11 ||    31
